 Dungeon Crawl Stone Soup version 0.29-a0-91-gdebf4667c2 (webtiles) character file.

Game seed: 14248653380507990685

417 YayAnonymity the Reanimator (level 6, -5/43 HPs)
             Began as a Demonspawn Necromancer on Feb 5, 2022.
             Slain by a gnoll (11 damage)
             ... on level 4 of the Dungeon on Feb 7, 2022.
             The game lasted 00:16:50 (5449 turns).

YayAnonymity the Reanimator (DsNe)                  Turns: 5449, Time: 00:16:51

Health: -5/43      AC:  3    Str:  8    XL:     6   Next: 61%
Magic:  5/9        EV:  6    Int: 18    God:
Gold:   132        SH:  0    Dex: 14    Spells: 4/9 levels left

rFire   . . .      SeeInvis .   u - +1 dagger (drain)
rCold   . . .      Faith    .   (no shield)
rNeg    . . .      Spirit   .   a - +0 robe
rPois   .          Reflect  .   (helmet restricted)
rElec   .          Harm     .   (no cloak)
rCorr   .          Rampage  .   n - +0 pair of gloves
Will    +....                   (no boots)
Stlth   ++........              (no amulet)
HPRegen 0.14/turn               j - ring of willpower
MPRegen 0.11/turn               (no ring)

@: held
A: horns 1, powered by death 1, demonic touch 2
a: no special abilities


You were on level 4 of the Dungeon.
You visited 1 branch of the dungeon, and saw 4 of its levels.

You collected 132 gold pieces.

Inventory:

Hand Weapons
 d - a +0 spear
 u - a +1 dagger of draining (weapon)
Missiles
 f - 107 stones (quivered)
Armour
 a - a +0 robe (worn)
 n - a +0 pair of gloves (worn)
 p - a +4 scale mail of poison resistance
Jewellery
 j - a ring of willpower (left hand)
Wands
 r - a wand of digging (7)
Scrolls
 b - a scroll of teleportation {unknown}
 g - 3 scrolls of identify {unknown}
 h - a scroll of fog {unknown}
 m - a scroll of summoning {unknown}
 q - a scroll of holy word {unknown}
 v - a scroll of torment {unknown}
 w - 2 scrolls of vulnerability {unknown}
 x - a scroll of immolation {unknown}
 y - a scroll of blinking {unknown}
Potions
 c - a potion of lignification {unknown}
 e - a potion of degeneration {unknown}
 i - a potion of haste {unknown}
 k - a potion of magic {unknown}
 l - a potion of resistance {unknown}
 o - 2 potions of cancellation {unknown}
 s - a potion of might {unknown}
 t - 4 potions of attraction {unknown}


   Skills:
 + Level 1.0 Fighting
 + Level 2.1 Dodging
 - Level 3.0 Stealth
 + Level 2.2 Spellcasting
 - Level 8.0 Necromancy


You had 4 spell levels left.
You knew the following spells:

 Your Spells              Type           Power      Damage    Failure   Level
a - Pain                  Necr           100%       1d9       1%          1
b - Animate Skeleton      Necr           60%        N/A       1%          1
c - Vampiric Draining     Necr           30%        2d8       1%          3

Your spell library contained the following spells:

 Spells                   Type           Power      Damage    Failure   Level
 Animate Dead             Necr           15%        N/A       7%          4
 Slow                     Hex            8%         N/A       19%         1
 Inner Flame              Hex/Fire       2%         N/A       47%         3
 Animate Armour           Summ/Erth      4%         N/A       87%         4
 Cause Fear               Hex            1%         N/A       87%         4
 Agony                    Necr           30%        N/A       19%         5
 Blade Hands              Tmut           1%         N/A       99%         5
 Iron Shot                Conj/Erth      1%         9d1       100%        6
 Discord                  Hex            1%         N/A       100%        8


Dungeon Overview and Level Annotations

Branches:
Dungeon (4/15)
 Temple: D:4-7

Altars:

Annotations:
D:4 exclusion: black bear, Menkaure


Innate Abilities, Weirdness & Mutations

You have a pair of small horns on your head.
You regenerate a little health from kills.
Your touch may inflict irresistible damage on your foes.


Message History

Aim: a gnoll shaman, wielding a +0 whip and wearing a +0 leather armour (chance to affect: 83%)
The gnoll shaman writhes in agony.
Casting: Pain (safe; 1% risk of failure)
Confirm with . or Enter, or press ? or * to list all spells.
Aiming: Pain (safe; 1% risk of failure)
Press: ? - help, Shift-Dir - straight line, f/p - gnoll shaman
Aim: a gnoll shaman, wielding a +0 whip and wearing a +0 leather armour (moderately wounded, chance to affect: 83%)
The gnoll shaman writhes in agony!
The gnoll shaman prays to its god.
The gnoll shaman is healed somewhat.
The gnoll hits you from afar with a +0 spear.
Casting: Pain (safe; 1% risk of failure)
Confirm with . or Enter, or press ? or * to list all spells.
Aiming: Pain (safe; 1% risk of failure)
Press: ? - help, Shift-Dir - straight line, f/p - gnoll shaman
Aim: a gnoll shaman, wielding a +0 whip and wearing a +0 leather armour (heavily wounded, chance to affect: 83%)
The gnoll shaman writhes in agony!
The gnoll closely misses you. x2
Casting: Pain (safe; 1% risk of failure)
Confirm with . or Enter, or press ? or * to list all spells.
Aiming: Pain (safe; 1% risk of failure)
Press: ? - help, Shift-Dir - straight line, f/p - gnoll shaman
Aim: a gnoll shaman, wielding a +0 whip and wearing a +0 leather armour (almost dead, chance to affect: 83%)
The gnoll shaman writhes in agony!
You kill the gnoll shaman!
The gnoll misses you.
Your Fighting skill increases to level 1!
The gnoll hits you from afar with a +0 spear.
The gnoll hits you from afar with a +0 halberd!
The gnoll throws a throwing net.
The throwing net hits you.
You become entangled in the net!
Things that are here:
a throwing net; a +0 whip; a +0 leather armour You struggle against the net.
The gnoll hits you from afar with a +0 spear.
* * * LOW HITPOINT WARNING * * *
The gnoll hits you from afar with a +0 halberd.
* * * LOW HITPOINT WARNING * * *
You struggle against the net.
The gnoll hits you but does no damage.
The gnoll hits you from afar with a +0 halberd!
You die...

########## #........#
########## #.######.#
##### #......... ####
#.# #.###...##
#.#######.
...###.######.##.###.#
#.# #.
...............<@..#.#
#.# #####.
...###...####.##.#g#.#
#.# #.....
...##.....###.###g..##
#.# #.###.
.#.###........# ##g..#
#.# #.# #. ...#
########## ###g#
#.###.###. #### #.#
#.......<.
#####.#######.####
..####................#
.......g##.###.###.##.#


You could see 3 gnolls.

Vanquished Creatures
  A howler monkey (D:4)
  2 orc priests (D:3)
  2 gnoll shamans (D:4)
  A hound (D:4)
  Jessica (D:3)
  Terence (D:2)
  An orc wizard (D:3)
  4 gnolls (D:4)
  3 adders
  A worm (D:4)
  A dart slug (D:1)
  5 orcs (D:3)
  10 ball pythons
  8 bats
  4 endoplasms
  5 giant cockroaches
  8 goblins
  5 hobgoblins
  4 jackals (D:1)
  5 quokkas
  3 frilled lizards
  7 kobolds
  5 rats
87 creatures vanquished.

Vanquished Creatures (collateral kills)
  A quokka (D:1)
1 creature vanquished.

Vanquished Creatures (others)
  3 fungi (D:1)
  A plant (D:1)
4 creatures vanquished.

Grand Total: 92 creatures vanquished

Notes
Turn   | Place    | Note
-------+----------+-------------------------------------------
     0 | D:1      | YayAnonymity the Demonspawn Necromancer began the quest for
                  | the Orb.
     0 | D:1      | Reached XP level 1. HP: 13/13 MP: 3/3
   381 | D:1      | Learned a level 1 spell: Animate Skeleton
   431 | D:1      | Discovered your monstrous ancestry.
   431 | D:1      | Gained mutation: Your touch may inflict minor irresistible
                  | damage on your foes. [demonic ancestry]
   431 | D:1      | Reached XP level 2. HP: 16/19 MP: 0/5
  1139 | D:1      | Reached XP level 3. HP: 16/24 MP: 2/6
  1240 | D:1      | Reached skill level 5 in Necromancy
  1564 | D:1      | Found a faded altar of an unknown god.
  1570 | D:1      | Got Plato's Guide on Malediction
  1815 | D:2      | Noticed Terence
  2317 | D:2      | Killed Terence
  2318 | D:2      | Gained mutation: You have a pair of small horns on your
                  | head. [demonic ancestry]
  2318 | D:2      | Reached XP level 4. HP: 18/30 MP: 2/7
  2962 | D:3      | Learned a level 3 spell: Vampiric Draining
  2971 | D:3      | Reached skill level 6 in Necromancy
  3063 | D:3      | Noticed Jessica
  3067 | D:3      | Killed Jessica
  3510 | D:3      | Gained mutation: Your touch may inflict irresistible damage
                  | on your foes. [demonic ancestry]
  3510 | D:3      | Reached XP level 5. HP: 30/35 MP: 3/8
  3698 | D:3      | Reached skill level 7 in Necromancy
  4331 | D:4      | Upgraded the game from 0.29-a0-88-g03a7b78be7 to
                  | 0.29-a0-91-gdebf4667c2
  4346 | D:4      | Noticed Menkaure
  4558 | D:4      | Noticed a black bear
  4880 | D:4      | Gained mutation: You regenerate a little health from kills.
                  | [demonic ancestry]
  4880 | D:4      | Reached XP level 6. HP: 37/41 MP: 4/9
  5021 | D:4      | Reached skill level 8 in Necromancy
  5447 | D:4      | Reached skill level 1 in Fighting
  5449 | D:4      | Slain by a gnoll

Illustrated notes

Levels and vault maps discovered:
D:1:      ncdulo_wetmaze, layout_basic, shapermc_ecumenical_altar_rom_forum
D:2:      layout_basic, uniq_terence
D:3:      layout_basic, due_unseen_surprise, uniq_jessica
D:4:      cheibrodos_thug_alley, layout_loops_corners, nicolae_specific_store,
          uniq_menkaure

Skill      XL: |  1  2  3  4  5  6 |
---------------+-------------------+-----
Stealth        | 2 3 |  3.0
Necromancy     | 5 6 7 8 |  8.0
Dodging        | 2 |  2.1
Fighting       | 1 |  1.0
Spellcasting   | |  2.2

Action                   |  1- 3 |  4- 6 || total
-------------------------+-------+-------++-------
Melee: Spear             |    20 |     9 ||    29
       Touch             |     6 |     6 ||    12
       Dagger            |       |     7 ||     7
       Headbutt          |       |     3 ||     3
Throw: Stone             |     2 |     1 ||     3
 Cast: Pain              |    72 |    76 ||   148
       Animate Skeleton  |    10 |    11 ||    21
 Stab: Sleeping          |     1 |       ||     1
Armor: Robe              |     9 |     4 ||    13
Dodge: Dodged            |    17 |    19 ||    36

Table legend: (Time is in decaauts)
 A = Elapsed time spent in this place.
 B = Non-inter-level travel time spent in this place.
 C = Inter-level travel time spent in this place.
 D = Time resting spent in this place.
 E = Time spent auto-exploring this place.
 F = Levels seen in this place.
 G = Mean time per level.
                   A        B        C        D        E       F      G
               +--------+--------+--------+--------+--------+-----+--------+
         Total |   5466 |   5178 |    288 |    966 |   3219 |   4 | 1366.5 |
       Dungeon |   5466 |   5178 |    288 |    966 |   3219 |   4 | 1366.5 |
               +--------+--------+--------+--------+--------+-----+--------+

Top non-repeatable levels by time:
     D:1: 1911 daAuts
     D:4: 1334 daAuts
     D:3: 1193 daAuts
     D:2: 1026 daAuts
